 Dungeon Crawl Stone Soup version 0.30-a0-702-gdf48620a09 (webtiles) character file.

Game seed: 2945167058830324932

54252 wormed the Covert (level 14, -2/111 HPs)
             Began as a Demonspawn Fire Elementalist on Jan 21, 2023.
             Was a High Priest of Vehumet.
             Slain by bmack86's ghost (20 damage)
             ... on level 5 of the Lair of Beasts.
             The game lasted 00:49:35 (21357 turns).

wormed the Covert (Demonspawn Fire Elementalist)   Turns: 21357, Time: 00:49:35

Health: -2/111     AC: 21    Str:  9    XL:     14   Next: 33%
Magic:  5/27       EV: 17    Int: 20    God:    Vehumet [*****.]
Gold:   838        SH:  4    Dex: 15    Spells: 23/32 levels left

rFire   + + .      SeeInvis .    p - staff of fire
rCold   x . .      Faith    .    (no shield)
rNeg    . . .      Spirit   .    I - +2 robe {Archmagi}
rPois   .          Reflect  .    C - +1 helmet
rElec   .          Harm     .    J - +0 cloak
rCorr   .          Rampage  .    e - +1 pair of gloves
Will    +....      Archmagi +    m - +0 pair of boots
Stlth   +++++                    r - amulet of magic regeneration
HPRegen 0.38/turn                k - +4 ring of protection
MPRegen 0.60/turn                B - ring of fire

@: about to teleport
A: hooves 1, molten scales 2, icemail 1, condensation shield, demonic magic 2
a: Renounce Religion


You were on level 5 of the Lair of Beasts.
You worshipped Vehumet.
Vehumet was extremely pleased with you.
You visited 3 branches of the dungeon, and saw 17 of its levels.

You collected 1258 gold pieces.
You spent 420 gold pieces at shops.

Inventory:

Missiles
 u - a throwing net
Armour
 e - a +1 pair of gloves (worn)
 m - a +0 pair of boots (worn)
 C - a +1 helmet (worn)
 I - a +2 robe of the Archmagi (worn)
 J - a +0 cloak (worn)
Magical Staves
 p - a staff of fire (weapon)
Jewellery
 a - a ring of protection from fire
 g - a ring of protection from fire
 i - a ring of protection from fire
 k - a +4 ring of protection (left hand)
 r - an amulet of magic regeneration (around neck)
 s - an amulet of guardian spirit
 B - a ring of fire (right hand)
 F - a ring of see invisible
 P - a ring of protection from fire
Wands
 v - a wand of flame (22)
 x - a wand of roots (9)
 D - a wand of polymorph (14)
 G - a wand of digging (22)
Scrolls
 l - 10 scrolls of amnesia
 n - 2 scrolls of teleportation
 w - 3 scrolls of enchant weapon
 y - a scroll of identify
 A - 2 scrolls of enchant armour
 L - a scroll of brand weapon {unknown}
 N - a scroll of acquirement {unknown}
Potions
 b - 3 potions of magic
 c - 5 potions of flight
 d - 4 potions of attraction
 h - a potion of brilliance
 j - 4 potions of lignification
 o - a potion of curing
 q - 4 potions of haste
 t - 2 potions of berserk rage
 z - a potion of might
 E - 2 potions of resistance
 H - a potion of mutation
 K - a potion of ambrosia
 M - a potion of invisibility {unknown}
 O - a potion of cancellation {unknown}


   Skills:
 + Level 10.6 Fighting
 + Level 10.0 Dodging
 + Level 10.8 Stealth
 + Level 9.9 Spellcasting
 + Level 10.7 Conjurations
 + Level 10.1 Fire Magic


You had 23 spell levels left.
You knew the following spells:

 Your Spells              Type           Power      Damage    Failure   Level
a - Foxfire               Conj/Fire      100%       2x1d9     1%          1
b - Scorch                Fire           100%       2d10      1%          2
c - Inner Flame           Hex/Fire       80%        N/A       1%          3
d - Stone Arrow           Conj/Erth      94%        3d12      1%          3

Your spell library contained the following spells:

 Spells                   Type           Power      Damage    Failure   Level
 Yara's Violent Unravell  Hex/Tmut       7%         3d5       43%         5
 Kiss of Death            Conj/Necr      100%       2d13      1%          1
 Sandblast                Erth           28%        2d8       1%          1
 Momentum Strike          Conj/Tloc      94%        3d10      1%          2
 Static Discharge         Conj/Air       94%        2-6/arc   1%          2
 Hailstorm                Conj/Ice       47%        3d11      1%          3
 Ignite Poison            Fire/Tmut/Pois 68%        N/A       1%          3
 Kindle Blastsparks       Fire/Tloc/Air  100%       2d18      1%          3
 Flame Wave               Conj/Fire      100%       2d21      1%          4
 Sticky Flame             Conj/Fire      100%       2d11      1%          4
 Fireball                 Conj/Fire      54%        3d21      1%          5
 Fulminant Prism          Conj/Hex       23%        3d12      2%          4
 Iskenderun's Mystic Bla  Conj/Tloc      47%        2d10      2%          4
 Starburst                Conj/Fire      54%        6d15      4%          6
 Frozen Ramparts          Ice            28%        1d5       6%          3
 Arcjolt                  Conj/Air       23%        1d33      6%          5
 Lightning Bolt           Conj/Air       23%        1d39      6%          5
 Apportation              Tloc           28%        N/A       7%          1
 Beastly Appendage        Tmut           28%        N/A       7%          1
 Blink                    Tloc           28%        N/A       11%         2
 Ensorcelled Hibernation  Hex/Ice        28%        N/A       11%         2
 Lesser Beckoning         Tloc           28%        N/A       11%         2
 Passwall                 Tmut/Erth      11%        N/A       11%         2
 Sublimation of Blood     Necr           14%        N/A       11%         2
 Wereblood                Tmut           14%        N/A       11%         2
 Freezing Cloud           Conj/Ice/Air   18%        6-21      12%         5
 Confusing Touch          Hex            14%        N/A       22%         3
 Spider Form              Tmut/Pois      14%        N/A       22%         3
 Swiftness                Air            14%        N/A       22%         3
 Vhi's Electric Charge    Tloc/Air       28%        N/A       22%         3
 Lee's Rapid Deconstruct  Erth           7%         3d6*      43%         5
 Dispel Undead            Necr           14%        3d10      56%         4
 Ice Form                 Ice/Tmut       14%        N/A       56%         4
 Summon Ice Beast         Ice/Summ       14%        N/A       56%         4
 Alistair's Intoxication  Tmut/Pois      9%         N/A       89%         5
 Summon Forest            Summ/Tloc      7%         N/A       89%         5
 Summon Mana Viper        Hex/Summ       14%        N/A       89%         5
 Eringya's Noxious Bog    Tmut/Pois      7%         N/A       92%         6
 Simulacrum               Ice/Necr       7%         N/A       100%        6
 Monstrous Menagerie      Summ           7%         N/A       100%        7
 Summon Hydra             Summ           7%         N/A       100%        7


Dungeon Overview and Level Annotations

Branches:
Dungeon (11/15)            Temple (1/1) D:6            Lair (5/5) D:9
 Shoals (0/4) Lair:2        Snake (0/4) Lair:2        Slime (0/5) Lair:4
    Orc (0/2) D:9

Altars:
Ashenzari
Cheibriados
Dithmenos
Fedhas
Gozag
Hepliaklqana
Kikubaaqudgha
Makhleb
Nemelex Xobeh
Okawaru
Qazlal
Ru
Sif Muna
Trog
Uskayaw
Vehumet
Wu Jian
Xom
Yredelemnul

Shops:
D:2 (([[=   D:10 *

Annotations:
D:3 1 runed translucent door, hurflehork's ghost, weakling TrBe
Lair:4 1 runed translucent door
Lair:5 bmack86's ghost, journeyman MiFi


Innate Abilities, Weirdness & Mutations

You have large cloven feet.
You are mostly covered in molten scales. (AC +3)
A meltable icy envelope protects you from harm. (AC +4)
A meltable shield of frost defends you. (SH +4)
Spells you cast may paralyse nearby enemies.


Message History

Press: ? - help, Q - select action, (/) - cycle Shift-Dir - straight line, f/p - bmack86's ghost
Aim: bmack86's ghost, wielding a heavy weapon (severely damaged, inner flame, blind, more vulnerable to fire, 60% to hit)
The bolt of light misses bmack86's ghost.
Bmack86's ghost's inner flame fades away.
Bmack86's ghost hits you.
Aiming: Bolt of Light
Press: ? - help, Q - select action, (/) - cycle Shift-Dir - straight line, f/p - bmack86's ghost
Aim: bmack86's ghost, wielding a heavy weapon (severely damaged, blind, more vulnerable to fire, 60% to hit)
The bolt of light misses bmack86's ghost.
Bmack86's ghost is no longer blind.
Bmack86's ghost keens inconsolably.
Bmack86's ghost hits you but does no damage.
Aiming: Bolt of Light
Press: ? - help, Q - select action, (/) - cycle Shift-Dir - straight line, f/p - bmack86's ghost
Aim: bmack86's ghost, wielding a heavy weapon (severely damaged, more vulnerable to fire, 60% to hit)
The bolt of light hits bmack86's ghost.
Bmack86's ghost is severely damaged.
Bmack86's ghost is blinded.
Bmack86's ghost ripples.
Bmack86's ghost hits you!!
* * * LOW HITPOINT WARNING * * *
Aiming: Bolt of Light
Press: ? - help, Q - select action, (/) - cycle Shift-Dir - straight line, f/p - bmack86's ghost
Aim: bmack86's ghost, wielding a heavy weapon (severely damaged, blind, more vulnerable to fire, 60% to hit)
The bolt of light hits bmack86's ghost.
Bmack86's ghost is severely damaged.
The now-empty wand crumbles to dust.
Bmack86's ghost hits you but does no damage.
Casting: Scorch (safe; 1% risk of failure)
Confirm with . or Enter, or press ? or * to list all spells.
You feel a huge surge of power!
Flames lash bmack86's ghost but do no damage.
Malevolent energies surge around you. You block bmack86's ghost's attack.
As you read the scroll of teleportation, it crumbles to dust.
You feel strangely unstable.
Bmack86's ghost is no longer blind.
Bmack86's ghost barely misses you.
You hit bmack86's ghost but do no damage.
Bmack86's ghost is severely damaged.
Bmack86's ghost hits you!!
You die...

#.......#..###
###........P#.#
#^...........###
##..............##
#.#..............#
##..............## #####
#.............P## #.##.
######...........# #...#
#######P...#...@......##
#....
##...#..........W....###
###..
#P...................#
#...
.................P.###
##.. .............#.P...#
##.. ..................##
#... #...[........##P#.##
#.#.
###...........###..######
##..
.###.............#...##.#
#..


You could see bmack86's ghost (combustible).

Vanquished Creatures
  Nessos (Lair:4)
  Josephine (Lair:4)
  Harold (Lair:1)
  A centaur warrior (D:9)
  8 hydras
  3 boulder beetles
  6 death yaks
  13 spriggans (Lair:5)
  3 cyclopes
  An oklob plant (Lair:3)
  5 black mambas
  Maurice (D:8)
  16 elephants
  10 cane toads
  Psyche (D:10)
  3 kobold demonologists (D:10)
  A rime drake (D:9)
  10 komodo dragons
  2 trolls
  5 polar bears
  6 hornets
  28 blink frogs
  Grinder (D:3)
  7 dream sheep (Lair:5)
  Sigmund (D:3)
  18 yaks
  2 shadows
  3 wraiths (Lair:4)
  4 wyverns
  3 basilisks
  Eustachio (D:4)
  A steam dragon (D:9)
  3 nagas (Lair:2)
  Menkaure (D:6)
  15 water moccasins
  A sky beast (D:7)
  3 orc warriors (D:10)
  4 black bears
  5 boggarts (Lair:5)
  32 wolves
  5 centaurs
  2 ogres (D:5)
  A phantom (D:9)
  A kobold brigand (D:11)
  15 bullfrogs
  A gnoll sergeant (D:5)
  A scorpion (D:5)
  8 wights
  A troll zombie (D:9)
  8 killer bees (D:9)
  3 electric eels (Lair:3)
  4 howler monkeys
  7 orc priests
  2 hounds
  5 jellies
  A gnoll bouda (D:9)
  3 iguanas
  Terence (D:2)
  12 orc wizards
  7 ogre zombies (D:9)
  7 adders
  3 gnolls (D:5)
  A shadow imp (D:5)
  3 white imps
  3 worms
  2 dart slugs (D:1)
  30 orcs
  7 ball pythons
  5 bats
  6 endoplasms
  3 giant cockroaches
  6 goblins
  6 hobgoblins
  11 jackals
  17 kobolds
  5 quokkas
  4 frilled lizards
  A goblin skeleton (D:9)
  7 goblin zombies (D:9)
  A hobgoblin skeleton (D:9)
  3 hobgoblin zombies (D:9)
  An orc skeleton (D:9)
  12 orc zombies (D:9)
  A rat (D:1)
  A bush (Lair:3)
  A plant (Lair:3)
466 creatures vanquished.

Vanquished Creatures (collateral kills)
  10 foxfires
10 creatures vanquished.

Vanquished Creatures (others)
  A bush (Lair:4)
  853 foxfires
  57 fungi
  59 plants
970 creatures vanquished.

Grand Total: 1446 creatures vanquished

Notes
Turn   | Place    | Note
-------+----------+-------------------------------------------
     0 | D:1      | wormed the Demonspawn Fire Elementalist began the quest for
                  | the Orb.
     0 | D:1      | Reached XP level 1. HP: 13/13 MP: 3/3
   217 | D:1      | Gained mutation: A meltable shield of frost defends you.
                  | (SH +4) [demonic ancestry]
   217 | D:1      | Reached XP level 2. HP: 20/20 MP: 3/5
   352 | D:1      | Learned a level 2 spell: Scorch
   437 | D:1      | Reached skill level 1 in Fighting
   553 | D:1      | Gained mutation: A meltable icy envelope protects you from
                  | harm. (AC +4) [demonic ancestry]
   553 | D:1      | Reached XP level 3. HP: 26/26 MP: 3/6
   783 | D:1      | Found a faded altar of an unknown god.
  1229 | D:2      | Found Baavyc's Antique Armour Shoppe.
  1807 | D:2      | Found Tyxahit's Antique Weapon Emporium.
  1820 | D:2      | Found Tenaol's Weapon Shop.
  1823 | D:2      | Gained mutation: You are partially covered in molten
                  | scales. (AC +2) [demonic ancestry]
  1823 | D:2      | Reached XP level 4. HP: 32/32 MP: 2/7
  1936 | D:2      | Learned a level 3 spell: Inner Flame
  2037 | D:2      | Found Zioxuag's Armour Boutique.
  2125 | D:2      | Found Covesk's Jewellery Shoppe.
  2177 | D:2      | Noticed Terence
  2183 | D:2      | Killed Terence
  2353 | D:3      | Noticed Sigmund
  2358 | D:3      | Killed Sigmund
  2359 | D:3      | Reached XP level 5. HP: 38/38 MP: 0/9
  2359 | D:3      | Reached XP level 6. HP: 44/44 MP: 0/10
  2647 | D:3      | Found a runed translucent door.
  2650 | D:3      | Noticed hurflehork's ghost (weakling TrBe)
  2676 | D:3      | Found an iron altar of Okawaru.
  2801 | D:3      | Found an ancient bone altar of Kikubaaqudgha.
  2804 | D:3      | Found a sparkling altar of Nemelex Xobeh.
  3103 | D:4      | Noticed Grinder
  3117 | D:4      | Paralysed by Grinder for 3 turns
  3267 | D:3      | Paralysed by Grinder for 5 turns
  3279 | D:3      | HP: 2/46 [Grinder/nerve-wracking pain (14)]
  3283 | D:3      | Paralysed by Grinder for 2 turns
  3527 | D:3      | Killed Grinder
  3528 | D:3      | Gained mutation: You have large cloven feet. [demonic
                  | ancestry]
  3528 | D:3      | Reached XP level 7. HP: 51/51 MP: 1/12
  3889 | D:4      | Noticed Eustachio
  3894 | D:4      | Killed Eustachio
  4191 | D:5      | Entered Level 5 of the Dungeon
  4613 | D:5      | Reached XP level 8. HP: 58/58 MP: 3/13
  5938 | D:6      | Found a hide-covered altar of Uskayaw.
  5952 | D:6      | Found a bloodstained altar of Trog.
  6136 | D:6      | Found a staircase to the Ecumenical Temple.
  6148 | Temple   | Entered the Ecumenical Temple
  6166 | D:6      | Noticed Menkaure
  6179 | D:6      | Killed Menkaure
  6862 | D:7      | Reached skill level 5 in Stealth
  7351 | D:7      | Reached skill level 5 in Fire Magic
  7523 | D:7      | Reached XP level 9. HP: 66/66 MP: 4/16
  8166 | D:7      | Learned a level 3 spell: Stone Arrow
  8196 | D:8      | Reached skill level 5 in Conjurations
  8520 | D:8      | Reached skill level 5 in Spellcasting
  8576 | D:8      | Noticed Maurice
  8592 | D:8      | Killed Maurice
  8593 | D:8      | Reached skill level 5 in Fighting
  8593 | D:8      | Reached skill level 5 in Dodging
  9681 | D:2      | Bought an amulet of magic regeneration for 420 gold pieces
  9857 | D:9      | Noticed a troll
  9864 | D:9      | Killed a troll
 10006 | D:9      | Found a staircase to the Orcish Mines.
 10035 | D:9      | Gained mutation: You are mostly covered in molten scales.
                  | (AC +3) [demonic ancestry]
 10035 | D:9      | Reached XP level 10. HP: 76/76 MP: 3/18
 10197 | D:9      | Found a hazy altar of Hepliaklqana.
 10285 | D:9      | Noticed a centaur warrior
 10293 | D:9      | Killed a centaur warrior
 10415 | D:9      | Found a runed translucent door.
 10421 | D:9      | Noticed a boulder beetle
 10421 | D:9      | Noticed a cyclops
 11154 | D:9      | Found a staircase to the Lair.
 11256 | D:9      | Noticed a seven-headed hydra
 11288 | D:10     | Entered Level 10 of the Dungeon
 11324 | D:10     | Found Newkoi Otemi's Assorted Antiques.
 11412 | D:10     | Found a radiant altar of Vehumet.
 11422 | D:10     | Noticed Psyche
 11427 | D:10     | Killed Psyche
 11428 | D:10     | Reached XP level 11. HP: 83/83 MP: 13/20
 11523 | D:10     | Became a worshipper of Vehumet
 12242 | D:10     | Noticed a sixfirhy
 12557 | D:11     | Noticed a boulder beetle
 12847 | Lair:1   | Entered Level 1 of the Lair of Beasts
 13460 | D:9      | Killed a boulder beetle
 13460 | D:9      | Reached * piety under Vehumet
 13460 | D:9      | Offered knowledge of Freeze by Vehumet.
 14041 | D:9      | Killed a seven-headed hydra
 14379 | Lair:1   | Gained mutation: Spells you cast may paralyse adjacent
                  | enemies. [demonic ancestry]
 14379 | Lair:1   | Reached XP level 12. HP: 75/92 MP: 11/23
 14380 | Lair:1   | Noticed Harold
 14400 | Lair:1   | Killed Harold
 14707 | Lair:1   | Noticed a boulder beetle
 14780 | Lair:1   | Killed a boulder beetle
 15126 | Lair:1   | Noticed a boulder beetle
 15139 | Lair:1   | Killed a boulder beetle
 15318 | Lair:2   | Offered knowledge of Magic Dart by Vehumet.
 15320 | Lair:2   | Reached ** piety under Vehumet
 15366 | Lair:2   | Noticed a five-headed hydra
 15498 | Lair:1   | Killed a five-headed hydra
 15821 | Lair:2   | Offered knowledge of Searing Ray by Vehumet.
 16060 | Lair:2   | Found a staircase to the Snake Pit.
 16111 | Lair:2   | Found a staircase to the Shoals.
 16125 | Lair:2   | Noticed an eight-headed hydra
 16133 | Lair:2   | Killed an eight-headed hydra
 16681 | Lair:3   | Reached *** piety under Vehumet
 16712 | Lair:3   | Gained mutation: Spells you cast may paralyse nearby
                  | enemies. [demonic ancestry]
 16712 | Lair:3   | Reached XP level 13. HP: 89/101 MP: 18/25
 17750 | Lair:4   | Noticed Josephine
 17816 | Lair:4   | Offered knowledge of Dazzling Flash by Vehumet.
 17825 | Lair:4   | Noticed Nessos
 17832 | Lair:4   | Killed Nessos
 18007 | Lair:4   | You fall into a shaft and drop 1 floor!
 18007 | Lair:5   | Entered Level 5 of the Lair of Beasts
 18354 | Lair:4   | Reached skill level 10 in Stealth
 18581 | Lair:4   | Found a runed translucent door.
 18582 | Lair:4   | Found a staircase to the Slime Pits.
 18763 | Lair:4   | Killed Josephine
 18764 | Lair:4   | Reached skill level 10 in Conjurations
 19433 | Lair:5   | Reached skill level 10 in Fighting
 19446 | Lair:5   | Reached **** piety under Vehumet
 19474 | Lair:5   | Offered knowledge of Yara's Violent Unravelling by Vehumet.
 19636 | Lair:5   | Reached XP level 14. HP: 17/110 MP: 24/27
 19636 | Lair:5   | HP: 3/110 [death yak (14)]
 20315 | Lair:5   | Reached skill level 10 in Fire Magic
 20463 | Lair:5   | Reached ***** piety under Vehumet
 20977 | Lair:5   | Found a runed translucent gate.
 20978 | Lair:5   | Found a runed translucent gate.
 20979 | Lair:5   | Found a runed translucent gate.
 20979 | Lair:5   | Noticed bmack86's ghost (journeyman MiFi)
 20995 | Lair:5   | Reached skill level 10 in Dodging
 21357 | Lair:5   | Slain by bmack86's ghost

Illustrated notes

Levels and vault maps discovered:
D:1:      lemuel_arrival_river_ford, layout_loops_ring,
          ebering_ecumenical_altar_abandoned
D:2:      minmay_door_path, layout_rooms, serial_shops,
          nicolae_shop_competitors_out_of_business, nicolae_shop_stone,
          nicolae_shop_hallway_stairs, shop, nicolae_shop_waterfront,
          uniq_terence
D:3:      layout_rooms, mainiacjoe_overflow_big_doors,
          mainiacjoe_overflow_concentric_impassable, ebering_ghost_sewer_d,
          uniq_sigmund
D:4:      layout_rooms, uniq_grinder, uniq_eustachio
D:5:      layout_basic
D:6:      layout_gridville, nicolae_uskayaw_dance_hall, trog_book,
          minmay_temple_entry_waves, uniq_menkaure
D:7:      layout_basic
D:8:      layout_gridville, uniq_maurice
D:9:      layout_cave_pods, lemuel_doored_altar, erik_lair_dragon,
          zombieorc2_lemuel, minivault_13
D:10:     layout_basic, mainiacjoe_overflow_boulevard, serial_shops,
          kennysheep_mini, uniq_psyche
D:11:     layout_loops_cross, nicolae_trove_entry_isolated, grunt_decor_cap
Temple:   minmay_freezing_vapour_temple
Lair:1:   layout_cave_shapes, fungi_pond_lemuel, minmay_shattered_shrine,
          uniq_harold
Lair:2:   layout_loops_ring, minmay_shoals_entry_centaurs,
          minmay_snake_entry_guardpost_small, gauntlet_entry_generic
Lair:3:   layout_roguey, basic_altar, minivault_19,
          chequers_serial_rivers_marsh, dpeg_oklob_1, serial_bayou_shore_a
Lair:4:   layout_misc_corridors, slime_entry_2, uniq_nessos, uniq_josephine
Lair:5:   minmay_lair_end_enchanted_forest, layout_cave_pods,
          ebering_ghost_rock_garden

Skill      XL: |  1  2  3  4  5  6  7  8  9 10 11 12 13 14 |
---------------+-------------------------------------------+-----
Stealth        | 2 3 4 5 6 7 8 9 10 | 10.8
Dodging        | 2 3 4 5 6 7 8 9 10 | 10.0
Fighting       | 1 2 3 4 5 6 8 9 10 | 10.6
Fire Magic     | 3 4 5 6 7 8 9 10 | 10.1
Conjurations   | 2 3 4 5 7 8 9 10 | 10.7
Spellcasting   | 3 4 5 6 7 8 9 |  9.9

Action                   |  1- 3 |  4- 6 |  7- 9 | 10-12 | 13-15 || total
-------------------------+-------+-------+-------+-------+-------++-------
Melee: Unarmed           |     1 |       |       |       |       ||     1
       Dagger            |    20 |     9 |    10 |       |       ||    39
       Staff             |       |       |     9 |     3 |     3 ||    15
       Punch             |       |       |       |     1 |       ||     1
 Cast: Foxfire           |    37 |    26 |    91 |   165 |   173 ||   492
       Scorch            |    24 |    21 |    37 |   134 |   104 ||   320
       Inner Flame       |       |     4 |    80 |   140 |   137 ||   361
       Stone Arrow       |       |       |       |       |     3 ||     3
Evoke: Wand              |       |       |       |     7 |     8 ||    15
  Use: Scroll            |     3 |     3 |    15 |     5 |     5 ||    31
       Potion            |       |       |     1 |     3 |     5 ||     9
 Stab: Sleeping          |       |     2 |       |       |       ||     2
       Paralysed         |       |       |       |     1 |       ||     1
Armor: Robe              |    11 |    20 |    28 |    67 |    67 ||   193
Dodge: Dodged            |    29 |    20 |    47 |    97 |    91 ||   284
Block: Other             |     5 |     9 |    13 |    18 |    15 ||    60

Table legend: (Time is in decaauts)
 A = Elapsed time spent in this place.
 B = Non-inter-level travel time spent in this place.
 C = Inter-level travel time spent in this place.
 D = Time resting spent in this place.
 E = Time spent auto-exploring this place.
 F = Levels seen in this place.
 G = Mean time per level.
                   A        B        C        D        E       F      G
               +--------+--------+--------+--------+--------+-----+--------+
         Total |  21403 |  19797 |   1606 |      0 |  16459 |  17 | 1259.0 |
       Dungeon |  14331 |  12987 |   1344 |      0 |  11036 |  11 | 1302.8 |
        Temple |     15 |     15 |      0 |      0 |     10 |   1 |   15.0 |
          Lair |   7056 |   6795 |    261 |      0 |   5413 |   5 | 1411.2 |
               +--------+--------+--------+--------+--------+-----+--------+

Top non-repeatable levels by time:
     D:9: 2873 daAuts
  Lair:5: 2039 daAuts
     D:5: 1764 daAuts
  Lair:4: 1523 daAuts
     D:8: 1462 daAuts
    D:10: 1395 daAuts
     D:7: 1326 daAuts
  Lair:3: 1284 daAuts
     D:1: 1261 daAuts
     D:2: 1195 daAuts
  Lair:1: 1177 daAuts
     D:3: 1073 daAuts
     D:6: 1069 daAuts
  Lair:2: 1031 daAuts
     D:4: 802 daAuts
